 Dungeon Sprint DCSS version 0.29.0-11-gd7f09526c8 (webtiles) character file.

Game seed: 1078746808178290285

8100000 Zeld the Conqueror (level 23, -12/284 HPs)
             Began as a Troll Monk on Sept 6, 2022.
             Was the Champion of Makhleb.
             Mangled by a destroyer
             ... wielding a +9 vorpal great sword
              (104 damage)
             ... in the Dungeon (Sprint VIII: "Arena of Blood").
             The game lasted 00:03:07 (81 turns).

Zeld the Conqueror (Troll Monk)                       Turns: 81, Time: 00:03:08

Health: -12/284    AC:  5    Str: 33    XL:     23   Next: 47%
Magic:  24/39      EV: 21    Int:  6    God:    Makhleb [******]
Gold:   0          SH:  0    Dex: 12    Spells: 40/40 levels left

rFire   . . .      SeeInvis .   i - +∞ Axe of Woe
rCold   . . .      Faith    .   (shield currently unavailable)
rNeg    . . .      Spirit   .   a - +0 robe
rPois   .          Reflect  .   (helmet restricted)
rElec   .          Harm     .   (no cloak)
rCorr   .          Rampage  .   (gloves unavailable)
Will    +....      NoTele   +   (boots unavailable)
Stlth   +++++++++.              (no amulet)
HPRegen 1.37/turn               (no ring)
MPRegen 0.26/turn               (no ring)

@: no status effects
A: large, unfitting armour, claws 3, regeneration 1, shaggy fur 1, tough skin 1
a: Renounce Religion, Minor Destruction, Lesser Servant of Makhleb, Major
Destruction, Greater Servant of Makhleb


You were in the Dungeon.
You worshipped Makhleb.
Makhleb was exalted by your worship.
You visited 1 branch

Inventory:

Hand Weapons
 i - the +∞ Axe of Woe (weapon)
   (You found it in the Dungeon)
Armour
 a - a +0 robe (worn)
Scrolls
 h - a scroll of blinking
Potions
 b - a potion of ambrosia
 c - a potion of curing
 d - a potion of heal wounds
 e - a potion of haste
 f - 2 potions of magic
 g - a potion of berserk rage


   Skills:
 O Level 27 Fighting
 + Level 13.4(15.2) Short Blades
 + Level 12.0(14.6) Long Blades
 O Level 27 Axes
 + Level 13.1(23.9) Maces & Flails
 + Level 12.0(22.2) Polearms
 + Level 12.0(15.9) Staves
 + Level 10.2 Ranged Weapons
 + Level 13.1 Throwing
 + Level 12.0 Armour
 O Level 27 Dodging
 O Level 27 Stealth
 + Level 13.1 Shields
 - Level 3.0 Unarmed Combat
 + Level 9.3 Spellcasting
 + Level 11.1 Conjurations
 + Level 11.4 Hexes
 + Level 12.3 Summonings
 + Level 13.4 Necromancy
 + Level 12.3 Translocations
 + Level 12.3 Transmutations
 + Level 12.3 Fire Magic
 + Level 12.3 Ice Magic
 + Level 11.4 Air Magic
 + Level 14.5 Earth Magic
 + Level 12.3 Poison Magic
 O Level 27 Invocations
 + Level 12.3 Evocations


You had 40 spell levels left.
You didn't know any spells.
Your spell library was empty.

Dungeon Overview and Level Annotations

Branches:
Dungeon (1/1)

Altars:
Makhleb


Innate Abilities, Weirdness & Mutations

You are too large for most types of armour.
You have claws for hands.
Your natural rate of healing is unusually fast.
You are covered in fur. (AC +1)
You have tough skin. (AC +1)


Message History

You dissect the bag of meat like a pig carcass.
You kill the bag of meat!
Makhleb accepts your kill.
You hear a shout! x2; You hear an angry squeal.
You hear a shout! x6
The destroyer casts a spell at you.
The destroyer blinks!
The eight-headed meat hydra calls on the powers of darkness!
The eight-headed meat hydra convulses!
The meat berserker convulses!
Your body is wracked with pain!
The bag of meat convulses!
You hear a shout! x5
Your Conjurations skill increases to level 11!
Unknown command.
Press < or > to pray at altars.
You dice the meat berserker like an onion!!!
You fatally mangle the meat berserker.
You kill the meat berserker!
Makhleb accepts your kill.
You feel better.
You hear a shout! x20
Your base Long Blades skill increases to level 12!
Your base Maces & Flails skill increases to level 13!
Your base Polearms skill increases to level 12!
Your base Staves skill increases to level 12!
Your Throwing skill increases to level 13!
Your Armour skill increases to level 12!
Your Shields skill increases to level 13! 2 bags of meat, 3 meat berserkers, a dread and a meat beast come into view.
The meat beast gurgles horribly!
The meat berserker shouts!
A meat beast comes into view.
A meat berserker comes into view. It is wielding a +9 battleaxe.
You hear a shout! x3
The dread calls on the powers of darkness!
The bag of meat convulses! x2; The meat berserker convulses!
The bag of meat convulses!
The meat berserker convulses! x2
Your body is wracked with pain!
You hear a shout! x3
A destroyer comes into view. It is wielding a +9 vorpal great sword.
You hear a shout! x4
The destroyer hits you with a +9 vorpal great sword!!!!
You die... o.OW .. .OoV .o O2O

#o ..# #.. ..# .
.###.. ..###..
......###V......
....2.)_@.oD§...
....#.))o.#.....
. #_.<)_# ...
#.))).# O
....._.....
......###.....V
.###.. ..###.
#.. ..# #.. ..#


You could see 2 meat beasts, an eight-headed meat hydra, 2 destroyers, a dread,
5 meat berserkers and 4 bags of meat.

Vanquished Creatures
  A hell beast (D)
  A royal mummy (D)
  3 vampire knights (D)
  22 ogres (D)
  3 two-headed ogres (D)
  2 liches (D)
  19 orcs (D)
  3 skeletal warriors (D)
54 creatures vanquished.

Notes
Turn   | Place    | Note
-------+----------+-------------------------------------------
     0 | D        | Found the +∞ Axe of Woe
     0 | D        | Zeld the Troll Monk began the quest for the Orb.
     0 | D        | Reached XP level 1. HP: 22/22 MP: 0/0
     4 | D        | Became a worshipper of Makhleb the Destroyer
     4 | D        | Reached * piety under Makhleb
     4 | D        | Reached ** piety under Makhleb
     5 | D        | Noticed a meat berserker
     5 | D        | Killed a meat berserker
     5 | D        | Noticed a meat berserker
     6 | D        | Reached skill level 15 in Fighting
     6 | D        | Reached XP level 2. HP: 57/57 MP: 1/1
     6 | D        | Reached XP level 3. HP: 65/65 MP: 2/2
     6 | D        | Reached XP level 4. HP: 74/74 MP: 3/3
     6 | D        | Reached XP level 5. HP: 81/81 MP: 4/4
     6 | D        | Reached XP level 6. HP: 91/91 MP: 5/5
     6 | D        | Reached XP level 7. HP: 98/98 MP: 6/6
     6 | D        | Reached XP level 8. HP: 107/107 MP: 7/7
     6 | D        | Reached XP level 9. HP: 115/115 MP: 8/8
     6 | D        | Reached XP level 10. HP: 124/124 MP: 9/9
     6 | D        | Reached XP level 11. HP: 132/132 MP: 10/10
     7 | D        | Noticed a meat berserker
     7 | D        | Noticed a meat berserker
     7 | D        | Noticed a bag of meat
     8 | D        | Noticed a meat berserker
    10 | D        | Killed a meat berserker
    10 | D        | Killed a meat berserker
    10 | D        | Noticed a bag of meat
    11 | D        | Reached skill level 10 in Invocations
    11 | D        | Reached XP level 12. HP: 147/152 MP: 10/19
    11 | D        | Reached XP level 13. HP: 155/161 MP: 10/20
    11 | D        | Killed a meat berserker
    11 | D        | Reached *** piety under Makhleb
    11 | D        | Noticed a bag of meat
    12 | D        | Reached XP level 14. HP: 167/172 MP: 10/22
    13 | D        | Killed a meat berserker
    14 | D        | Killed a bag of meat
    14 | D        | Noticed a meat berserker
    15 | D        | Reached skill level 15 in Invocations
    15 | D        | Reached XP level 15. HP: 187/187 MP: 10/25
    17 | D        | Reached **** piety under Makhleb
    18 | D        | Noticed a meat berserker
    19 | D        | Killed a meat berserker
    21 | D        | Noticed a large bag of meat
    23 | D        | Reached ***** piety under Makhleb
    24 | D        | Reached XP level 16. HP: 204/204 MP: 12/27
    24 | D        | Killed a meat berserker
    26 | D        | Noticed a destroyer
    26 | D        | Noticed a meat berserker
    27 | D        | Noticed a destroyer
    28 | D        | Noticed a large bag of meat
    28 | D        | Noticed a meat berserker
    29 | D        | Killed a large bag of meat
    29 | D        | Killed a destroyer
    30 | D        | Reached XP level 17. HP: 176/219 MP: 13/30
    31 | D        | Killed a destroyer
    31 | D        | Noticed a meat berserker
    31 | D        | Noticed a large bag of meat
    32 | D        | Noticed a sculptor of flesh
    33 | D        | Noticed a meat berserker
    33 | D        | Noticed a sculptor of flesh
    33 | D        | Killed a meat berserker
    34 | D        | Reached skill level 27 in Fighting
    34 | D        | Killed a meat berserker
    35 | D        | Reached skill level 27 in Axes
    35 | D        | Reached XP level 18. HP: 199/236 MP: 14/32
    35 | D        | Killed a meat berserker
    35 | D        | Reached ****** piety under Makhleb
    37 | D        | Noticed a meat berserker
    37 | D        | Noticed a destroyer
    38 | D        | Killed a large bag of meat
    38 | D        | Noticed a meat berserker
    39 | D        | Reached skill level 27 in Dodging
    39 | D        | Reached skill level 27 in Invocations
    39 | D        | Noticed a sculptor of flesh
    40 | D        | Killed a meat berserker
    41 | D        | Reached skill level 15 in Stealth
    41 | D        | Noticed a meat berserker
    42 | D        | Killed a sculptor of flesh
    42 | D        | Killed a sculptor of flesh
    43 | D        | Reached XP level 19. HP: 131/245 MP: 16/35
    43 | D        | Killed a meat berserker
    44 | D        | Killed a large bag of meat
    45 | D        | Killed a meat berserker
    45 | D        | Noticed a meat berserker
    45 | D        | Noticed a meat berserker
    47 | D        | Noticed an accursed
    47 | D        | Noticed a meat berserker
    48 | D        | Noticed a tyrant
    48 | D        | Killed a tyrant
    48 | D        | Killed a meat berserker
    48 | D        | Killed an accursed
    49 | D        | Reached skill level 27 in Stealth
    49 | D        | Reached XP level 20. HP: 162/256 MP: 17/36
    49 | D        | Killed a meat berserker
    49 | D        | Killed a meat berserker
    49 | D        | Noticed a tyrant
    50 | D        | Reached skill level 5 in Long Blades
    50 | D        | Reached skill level 5 in Polearms
    50 | D        | Reached skill level 5 in Staves
    50 | D        | Reached skill level 5 in Armour
    50 | D        | Reached skill level 5 in Conjurations
    50 | D        | Reached skill level 5 in Hexes
    50 | D        | Reached skill level 5 in Summonings
    50 | D        | Reached skill level 5 in Translocations
    50 | D        | Reached skill level 5 in Transmutations
    50 | D        | Reached skill level 5 in Fire Magic
    50 | D        | Reached skill level 5 in Ice Magic
    50 | D        | Reached skill level 5 in Air Magic
    50 | D        | Reached skill level 5 in Poison Magic
    50 | D        | Reached skill level 5 in Evocations
    50 | D        | Killed a destroyer
    50 | D        | Noticed a meat berserker
    51 | D        | Reached skill level 5 in Ranged Weapons
    51 | D        | Reached skill level 5 in Spellcasting
    51 | D        | Reached XP level 21. HP: 265/265 MP: 17/37
    58 | D        | Reached skill level 10 in Earth Magic
    60 | D        | Reached XP level 22. HP: 273/275 MP: 19/38
    61 | D        | Reached skill level 10 in Short Blades
    61 | D        | Reached skill level 10 in Maces & Flails
    61 | D        | Reached skill level 10 in Throwing
    61 | D        | Reached skill level 10 in Shields
    61 | D        | Reached skill level 10 in Necromancy
    65 | D        | Killed a tyrant
    67 | D        | Noticed a meat beast
    70 | D        | Killed a meat beast
    71 | D        | Reached skill level 10 in Long Blades
    71 | D        | Reached skill level 10 in Polearms
    71 | D        | Reached skill level 10 in Staves
    71 | D        | Reached skill level 10 in Armour
    71 | D        | Reached skill level 10 in Hexes
    71 | D        | Reached skill level 10 in Air Magic
    72 | D        | Reached skill level 10 in Conjurations
    72 | D        | Reached XP level 23. HP: 267/284 MP: 21/39
    75 | D        | Noticed a destroyer
    78 | D        | Reached skill level 10 in Ranged Weapons
    81 | D        | Noticed a dread
    81 | D        | Noticed a meat beast
    81 | D        | Noticed a meat beast
    81 | D        | Noticed a destroyer
    81 | D        | Mangled by a destroyer

Illustrated notes

Levels and vault maps discovered:
D:        meatsprint

Skill      XL: |  1  2  3  4  5  6  7  8  9 10 11 12 13 14 15 16 17 18 19 20 21 22 23 |
---------------+----------------------------------------------------------------------+-----
Fighting       | 15 18 19 21 23 25 27 | 27.0
Axes           | 13 16 17 18 20 23 27 | 27.0
Dodging        | 14 17 18 20 21 23 25 27 | 27.0
Stealth        | 4 6 7 8 9 18 27 | 27.0
Invocations    | 10 12 15 17 20 23 27 | 27.0
Short Blades   | 7 9 12 13 | 13.4
Long Blades    | 6 8 11 12 | 12.0
Maces & Flails | 7 9 12 13 | 13.1
Polearms       | 6 8 11 12 | 12.0
Staves         | 6 8 11 12 | 12.0
Ranged Weapons | 5 7 9 10 | 10.2
Throwing       | 7 9 12 13 | 13.1
Armour         | 6 8 11 12 | 12.0
Shields        | 7 9 12 13 | 13.1
Spellcasting   | 5 6 8 9 |  9.3
Conjurations   | 6 8 10 11 | 11.1
Hexes          | 6 8 10 11 | 11.4
Summonings     | 6 9 11 12 | 12.3
Necromancy     | 7 9 12 13 | 13.4
Translocations | 6 9 11 12 | 12.3
Transmutations | 6 9 11 12 | 12.3
Fire Magic     | 6 9 11 12 | 12.3
Ice Magic      | 6 9 11 12 | 12.3
Air Magic      | 6 8 10 11 | 11.4
Earth Magic    | 8 10 13 14 | 14.5
Poison Magic   | 6 9 11 12 | 12.3
Evocations     | 6 9 11 12 | 12.3
Unarmed Combat | |  3.0

Action                   |  1- 3 |  4- 6 |  7- 9 | 10-12 | 13-15 | 16-18 | 19-21 | 22-24 || total
-------------------------+-------+-------+-------+-------+-------+-------+-------+-------++-------
Melee: Executioner's axe |     1 |       |       |     1 |     7 |    10 |    12 |    10 ||    41
Armor: Robe              |       |       |       |       |       |       |       |     1 ||     1
Dodge: Dodged            |       |       |       |       |       |     1 |       |     1 ||     2
